 Dungeon Crawl Stone Soup version 0.20-a0-1050-g57248f3 (webtiles) character file.

112 Minion the Digger (level 4, -2/33 HPs)
             Began as a Draconian Earth Elementalist on Apr 25, 2017.
             Slain by Sigmund
             ... wielding a +5 scythe of protection
              (16 damage)
             ... on level 2 of the Dungeon.
             The game lasted 00:08:09 (1749 turns).

Minion the Digger (Draconian Earth Elementalist)    Turns: 1749, Time: 00:08:09

Health: -2/33      AC:  5    Str: 11    XL:     4   Next: 64%
Magic:  1/9        EV: 12    Int: 16    God:
Gold:   148        SH:  0    Dex: 11    Spells: 3/9 levels left

rFire    . . .     SeeInvis .   l - staff of wizardry
rCold    . . .     Gourm    .   (no shield)
rNeg     . . .     Faith    .   (armour unavailable)
rPois    .         Spirit   .   (helmet restricted)
rElec    .         Reflect  .   (no cloak)
rCorr    .         Harm     .   (no gloves)
MR       .....                  (no boots)
Stlth    +.........             (no amulet)
Regen    0.2/turn               (no ring)
MPRegen  0.2/turn               (no ring)

@: confused
A: unfitting armour, cold-blooded, AC +5
a: no special abilities


You were on level 2 of the Dungeon.
You were not hungry.

You visited 1 branch of the dungeon, and saw 2 of its levels.

You collected 148 gold pieces.

Inventory:

Missiles
 b - 22 stones (quivered)
Magical Staves
 l - an uncursed staff of wizardry (weapon)
Scrolls
 a - 2 scrolls of immolation {unknown}
 e - a scroll of identify {unknown}
 i - a scroll of enchant weapon {unknown}
 j - 2 scrolls of teleportation {unknown}
 n - 2 scrolls of recharging {unknown}
Potions
 f - 2 potions of curing {unknown}
 h - a potion of brilliance {unknown}
 k - a potion of agility {unknown}
 o - a potion of flight {unknown}
Books
 d - a book of Geomancy

   Spells                             Type                      Level
   a - Sandblast                      Earth                        1
   b - Passwall                       Transmutation/Earth          2
   c - Stone Arrow                    Conjuration/Earth            3
   d - Petrify                        Transmutation/Earth          4
   e - Lee's Rapid Deconstruction     Earth                        5
Comestibles
 c - 3 bread rations


   Skills:
 - Level 1.7 Dodging
 - Level 1.7 Stealth
 + Level 3.4 Spellcasting
 - Level 1.0 Transmutations
 + Level 4.4 Earth Magic


You had 3 spell levels left.
You knew the following spells:

 Your Spells              Type           Power        Failure   Level  Hunger
a - Sandblast             Erth           ###...       1%          1    None
b - Passwall              Tmut/Erth      ##........   3%          2    ##.....
c - Stone Arrow           Conj/Erth      #.....       9%          3    ###....


Dungeon Overview and Level Annotations

Branches:
Dungeon (2/15)

Altars:
Cheibriados

Annotations:
D:2 Sigmund


Innate Abilities, Weirdness & Mutations

Your plain brown scales are hard. (AC +5)
You cannot fit into any form of body armour.
You are cold-blooded and may be slowed by cold attacks.


Message History

Sigmund is almost dead.
Sigmund completely misses you.
You hit Sigmund.
Sigmund is almost dead.
Sigmund hits you but does no damage.
You barely miss Sigmund.
Sigmund is almost dead.
Sigmund points at you and mumbles some strange words.
The magic dart hits you!
You hit Sigmund but do no damage.
You tail-slap Sigmund, but do no damage.
Sigmund is almost dead.
Sigmund gestures at you while chanting.
You are confused.
You hit Sigmund but do no damage.
Sigmund is almost dead.
Sigmund barely misses you.
You're too confused to move!
Sigmund hits you with a scythe of protection!
You die...

#.# #.# #.# #.# #.# #.# #.#
#.# ###### ##.##
####.#####.≈≈≈### #...#
#.<..<...[≈≈≈≈≈## #...#
#.#.####..≈≈.≈≈_#
####...###)#.# ##.≈≈≈≈≈##
####........@.#.# ##.≈≈≈##
##..........@..#.# ######
####.#.#.........##.#
....###.......#####.#######
##...#........# #.......#
#.##.####....# #######.#
#.#### #.#### #.# #.# #.#
#.# #.# #.# #.#


You could see Sigmund.

Vanquished Creatures
  Jessica (D:2)
  6 adders (D:2)
  A dart slug (D:2)
  2 giant cockroaches
  5 goblins
  2 hobgoblins (D:2)
  4 jackals (D:2)
  A ball python (D:1)
  4 bats
  3 frilled lizards
  3 kobolds
  3 rats (D:1)
35 creatures vanquished.

Notes
Turn   | Place    | Note
-------+----------+-------------------------------------------
     0 | D:1      | Minion the Draconian Earth Elementalist began the quest for the Orb.
     0 | D:1      | Reached XP level 1. HP: 14/14 MP: 3/3
   357 | D:1      | Reached XP level 2. HP: 20/20 MP: 5/5
   606 | D:2      | Found a snail-covered altar of Cheibriados.
   642 | D:2      | Noticed Jessica
   683 | D:2      | Reached XP level 3. HP: 16/26 MP: 0/7
   959 | D:2      | Killed Jessica
   959 | D:2      | Reached skill level 4 in Earth Magic
   959 | D:2      | Reached XP level 4. HP: 33/33 MP: 6/8
  1175 | D:2      | Learned a level 2 spell: Passwall
  1179 | D:2      | Learned a level 3 spell: Stone Arrow
  1394 | D:2      | Noticed Sigmund
  1749 | D:2      | Slain by Sigmund

Vault maps used:
D:1:      mrwooster_arrival_statue_2
D:2:      kennysheep_slug_shrine, uniq_jessica, uniq_sigmund

Skill      XL: |  1  2  3 |
---------------+----------+-----
Spellcasting   | 3 |  3.4
Earth Magic    | 4 |  4.4
Dodging        | |  1.7
Stealth        | |  1.7
Transmutations | |  1.0

Action                   |  1- 3 |  4- 6 || total
-------------------------+-------+-------++-------
Melee: Unarmed           |     6 |       ||     6
       Tailslap          |     3 |     1 ||     4
       Staff             |    10 |    12 ||    22
 Cast: Sandblast         |    31 |    21 ||    52
       Stone Arrow       |       |     8 ||     8
  Eat: Chunk             |       |     2 ||     2
       Meat ration       |       |     1 ||     1
Armor: Skin              |    16 |     5 ||    21
Dodge: Dodged            |    31 |    17 ||    48
